AoeStats
← YUPPI

Arena

509314994Analyzed
2v2 RM · 6d ago on Sep 26, 2026· 35m 34s· 4 players
Game mode
Random Map
Map size
Medium (4 player)
Population
200
Speed
Normal
Resources
Standard
Victory
Conquest
Starting age
Dark Age
Ending age
Imperial Age
RankedLock teamsTeams togetherTeam positionsShared explorationLock speedFull tech treeHidden civsTurbo modeCheats
Victory
Defeat
🇦🇺 Bohemians · Australia
1039
+16
🇧🇴 Britons · Bolivia
1032
+16
🇩🇪 Malians · Germany
1036
-16
🇹🇷 Bohemians · Türkiye
1026
-16
YUPPI
5:07 Loom
9:53 Feudal Age
10:22 Double-Bit Axe
10:19 Horse Collar
17:34 Castle Age
21:05 Bow Saw
26:38 Imperial Age
26:26 Chemistry
25:58 Padded Archer Armor
26:48 Wheelbarrow
25:58 Town Watch
26:51 Fletching
26:53 Elite Skirmisher
27:55 Town Watch
28:24 Bodkin Arrow
29:44 Town Patrol
30:02 Hand Cart
31:11 Ballistics
32:39 Bracer
32:54 Leather Archer Armor
33:58 Husbandry
33:19 Light Cavalry
35:33 Ring Archer Armor
shakin'
2:42 Loom
10:07 Feudal Age
11:50 Double-Bit Axe
16:33 Castle Age
14:17 Horse Collar
17:40 Man-at-Arms
20:27 Squires
20:53 Long Swordsman
21:58 Scale Mail Armor
24:33 Forging
25:16 Gold Mining
26:43 Iron Casting
28:09 Arson
30:20 Gold Shaft Mining
31:42 Chain Mail Armor
35:27 Imperial Age
33:07 Heavy Plow
33:26 Bow Saw
Ricky CDL
5:00 Loom
11:29 Feudal Age
15:20 Castle Age
13:26 Horse Collar
13:33 Double-Bit Axe
15:13 Fletching
17:22 Loom
26:12 Wheelbarrow
26:07 Bodkin Arrow
30:28 Imperial Age
28:25 Padded Archer Armor
29:47 Bow Saw
30:08 Hand Cart
29:38 Town Watch
30:17 Forging
30:13 Scale Barding Armor
31:53 Iron Casting
31:39 Siege Engineers
31:58 Ballistics
31:51 Husbandry
31:12 Light Cavalry
33:18 Chain Barding Armor
33:58 Blast Furnace
33:21 Heavy Plow
34:20 Yeomen
34:34 Bracer
TALKA to me
10:35 Feudal Age
12:07 Horse Collar
15:38 Castle Age
13:47 Double-Bit Axe
15:02 Loom
16:49 Bow Saw
22:36 Fervor
24:45 Wheelbarrow
29:43 Imperial Age
29:27 Chemistry
29:21 Padded Archer Armor
29:44 Ballistics
31:07 Hand Cart
32:48 Conscription
32:40 Fletching
33:01 Forging
33:35 Siege Engineers
33:33 Town Watch
34:24 Leather Archer Armor
Connection lost

Rejoining the realm…

Still unreachable

The connection could not be restored.

Session expired

The server has moved on; the page needs a fresh start.